Construct Section Command Post
Construct Platoon Command Post
Selects Indian Artillery Battlegroup
Selects Volunteer Infantry
Construct Field Infirmary
Selects Towed ML 4.2-inch Heavy Mortar
Towed ML 4.2-inch Heavy Mortar
Construct Company Command Post
Selects Gurkha Rifles Section
6-pounder Anti-tank Gun Team
Selects Off-map Airburst Barrage
Selects Perimeter Monitor
6-pounder Anti-tank Gun Team